 Dungeon Crawl Stone Soup version 0.20-a0-433-g9e36e56 (webtiles) character file.

532 Kriby the Magician (level 7, -5/46 HPs)
             Began as a Mummy Fire Elementalist on Jan 4, 2017.
             Was an Initiate of Vehumet.
             Killed from afar by an orc wizard (13 damage)
             ... with a puff of flame
             ... on level 5 of the Dungeon.
             The game lasted 00:06:06 (6124 turns).

Kriby the Magician (Mummy Fire Elementalist)        Turns: 6124, Time: 00:06:07

Health: -5/46      AC:  2    Str: 12    XL:     7   Next: 4%
Magic:  9/14       EV: 12    Int: 16    God:    Vehumet [......]
Gold:   261        SH:  0    Dex: 12    Spells: 5/15 levels left

rFire  x . .     SeeInvis .     q - staff of energy
rCold  + . .     Gourm    .     a - +0 robe
rNeg   + + +     Faith    .     (no shield)
rPois  ∞         Spirit   .     (no helmet)
rElec  .         Reflect  .     (no cloak)
rCorr  .         Harm     .     (no gloves)
MR     .....                    (no boots)
Stlth  ++........               (no amulet)
                                (no ring)
                                c - ring of flight

@: very slightly contaminated
A: no food or potions, fire vulnerability, cold resistance 1, negative energy
resistance 3, torment resistance, unbreathing
a: Renounce Religion, Evoke Flight


You were on level 5 of the Dungeon.
You worshipped Vehumet.
Vehumet was noncommittal.
You were not hungry.

You visited 2 branches of the dungeon, and saw 6 of its levels.
You also visited: Sewer.

You collected 261 gold pieces.

Inventory:

Hand Weapons
 g - a +1 dagger of venom
 k - a +0 broad axe
Missiles
 n - 7 curare-tipped needles
Armour
 a - a +0 robe (worn)
 r - a +0 buckler
Magical Staves
 q - an uncursed staff of energy (weapon)
Jewellery
 c - a ring of flight (left hand)
 s - an uncursed amulet of the gourmand {unknown}
Scrolls
 d - a scroll of recharging {unknown}
 e - 3 scrolls of identify {unknown}
 f - a scroll of magic mapping {unknown}
 h - 7 scrolls of remove curse {unknown}
 i - 2 scrolls of fog {unknown}
 j - a scroll of fear {unknown}
 l - a scroll of enchant weapon {unknown}
 p - a scroll of blinking {unknown}
Books
 b - a book of Flames

   Spells                             Type                      Level
   a - Flame Tongue                   Conjuration/Fire             1
   b - Throw Flame                    Conjuration/Fire             2
   c - Conjure Flame                  Conjuration/Fire             3
   d - Inner Flame                    Hexes/Fire                   3
   e - Sticky Flame                   Conjuration/Fire             4
   f - Fireball                       Conjuration/Fire             5
 m - a book of Callings

   Spells                             Type                      Level
   a - Summon Small Mammal            Summoning                    1
   b - Call Imp                       Summoning                    2
   c - Call Canine Familiar           Summoning                    3
   d - Summon Guardian Golem          Hexes/Summoning              3
   e - Summon Lightning Spire         Summoning/Air                4
   f - Summon Ice Beast               Ice/Summoning                4
 o - a book of Frost

   Spells                             Type                      Level
   a - Freeze                         Ice                          1
   b - Throw Frost                    Conjuration/Ice              2
   c - Ozocubu's Armour               Charms/Ice                   3
   d - Throw Icicle                   Conjuration/Ice              4
   e - Summon Ice Beast               Ice/Summoning                4


   Skills:
 - Level 1.5 Dodging
 - Level 1.5 Stealth
 * Level 0.7 Shields
 + Level 4.9 Spellcasting
 * Level 4.3 Conjurations
 + Level 3.8 Fire Magic


You had 5 spell levels left.
You knew the following spells:

 Your Spells              Type           Power        Failure   Level  Hunger
a - Flame Tongue          Conj/Fire      ###..        3%          1    N/A
b - Conjure Flame         Conj/Fire      ###.....     12%         3    N/A
c - Sticky Flame          Conj/Fire      ###.....     34%         4    N/A
d - Throw Flame           Conj/Fire      ###...       6%          2    N/A

Dungeon Overview and Level Annotations

Branches:
Dungeon (5/15)             Temple (1/1) D:4

Altars:
Ashenzari
Cheibriados
Dithmenos
Elyvilon
Fedhas
Gozag
Makhleb
Nemelex Xobeh
Okawaru
Qazlal
Ru
Sif Muna
Trog
Vehumet
Xom
Yredelemnul
Zin
The Shining One

Shops:
D:5 %


Innate Abilities, Weirdness & Mutations

You do not eat or drink.
Your flesh is vulnerable to fire.
You are immune to poison.
Your flesh is cold resistant. (rC+)
You are immune to negative energy. (rN+++)
You are immune to unholy pain and torment.
You can survive without breathing.


Message History

The killer bee zombie barely misses you.
Casting: Flame Tongue
Confirm with . or Enter, or press ? or * to list all spells.
Aiming: Flame Tongue
Press: ? - help, Shift-Dir - straight line, f/p - killer bee zombie
Aim: a killer bee zombie (heavily damaged)
The flame tongue hits the killer bee zombie.
The killer bee zombie is heavily damaged.
Something hits you. The killer bee zombie misses you.
Something barely misses you. Something hits you.
The killer bee zombie hits you.
* * * LOW HITPOINT WARNING * * *
The killer bee zombie hits you.
* * * LOW HITPOINT WARNING * * *
Something hits you.
* * * LOW HITPOINT WARNING * * *
You hear some strange, mumbled words.
A puff of flame appears from out of thin air!
The puff of flame hits you! The fire burns you terribly!
You die...

###.....##..... #....##
#### ##..##
#############...#
..........##...##
...............l#
.............o..####
......!...##.##.Z..###
###########..##.@....##
#####......##........##
##.....######..........#
...######## #..........#
##.......<# #......<...#
#.######<###..........#
#.....................#
############.........##
##........##


You could see an orc, a killer bee zombie and a leopard gecko.

Vanquished Creatures
  2 ogres (D:3)
  2 bullfrogs (Sewer)
  A crimson imp (D:5)
  A bullfrog skeleton (D:5)
  A worker ant (D:4)
  2 adders
  A river rat (D:4)
  2 worms
  3 dart slugs
  9 leopard geckos
  8 orcs
  11 ball pythons
  12 giant cockroaches
  7 hobgoblins
  5 kobolds
  A quokka (D:4)
  6 bats
  9 frilled lizards
  6 goblins
  A leopard gecko skeleton (D:4)
  6 rats
96 creatures vanquished.

Notes
Turn   | Place    | Note
-------+----------+-------------------------------------------
     0 | D:1      | Kriby the Mummy Fire Elementalist began the quest for the Orb.
     0 | D:1      | Reached XP level 1. HP: 13/13 MP: 4/4
     0 | D:1      | Noticed a gargoyle
     3 | D:1      | Noticed an octopode
     5 | D:1      | Noticed a centaur
     6 | D:1      | Noticed a centaur
    13 | D:1      | Noticed a gargoyle
    15 | D:1      | Noticed a minotaur
    17 | D:1      | Noticed a minotaur
    17 | D:1      | Noticed a ghoul
    17 | D:1      | Noticed a vine stalker
    19 | D:1      | Noticed a human
   143 | D:1      | Reached skill level 1 in Conjurations
   510 | D:1      | Reached XP level 2. HP: 15/19 MP: 5/5
   602 | D:1      | You fall through a shaft!
   630 | D:2      | Found a faded altar of an unknown god.
  1265 | D:1      | Reached XP level 3. HP: 24/24 MP: 7/7
  1579 | D:2      | Found a glowing golden altar of the Shining One.
  2616 | D:3      | Learned a level 3 spell: Conjure Flame
  2879 | D:3      | Found a stormy altar of Qazlal.
  2896 | D:3      | Noticed an ogre
  2921 | D:3      | Reached XP level 4. HP: 17/30 MP: 3/9
  2924 | D:3      | Killed an ogre
  2924 | D:3      | Reached XP level 5. HP: 21/35 MP: 0/11
  3113 | D:3      | Learned a level 4 spell: Sticky Flame
  3120 | D:3      | Learned a level 2 spell: Throw Flame
  3127 | D:3      | Found a snail-covered altar of Cheibriados.
  3134 | D:3      | Noticed an ogre
  3149 | D:3      | Killed an ogre
  4166 | D:4      | Found a glowing drain.
  4187 | D:4      | Reached XP level 6. HP: 36/41 MP: 2/12
  4249 | Sewer    | Entered a sewer
  4649 | Sewer    | HP: 2/41 [bullfrog (5)]
  5027 | D:4      | Found a staircase to the Ecumenical Temple.
  5032 | Temple   | Entered the Ecumenical Temple
  5199 | Temple   | Became a worshipper of Vehumet
  5832 | D:5      | Entered Level 5 of the Dungeon
  5978 | D:5      | Found Ezuzafu's Food Shoppe.
  6014 | D:5      | Reached XP level 7. HP: 42/46 MP: 4/14
  6124 | D:5      | Killed from afar by an orc wizard

Vault maps used:
D:1:      shiori_arrival_whats_in_store_for_you
D:2:      tso_metal_star, chequers_ecumenical_altar_simple_redux
D:3:      nicolae_qazlal_eye_of_the_storm, first_bread, cheibriados_altar_1
D:4:      portal_sewer_entry_a
D:5:      serial_shops, kennysheep_mini_moat, grunt_decor_mini_mirrors
Temple:   eino_temple_rhombus
Sewer:    sewer_frog_island_01

Skill      XL: |  1  2  3  4  5  6 |
---------------+-------------------+-----
Conjurations   | 1 2 3 4 |  4.3
Spellcasting   | 3 4 |  4.9
Fire Magic     | 3 |  3.8
Dodging        | |  1.5
Stealth        | |  1.5
Shields        | |  0.7

Action                   |  1- 3 |  4- 6 |  7- 9 || total
-------------------------+-------+-------+-------++-------
Melee: Spear             |    29 |       |       ||    29
       Dagger            |    97 |    58 |       ||   155
 Cast: Flame Tongue      |    20 |    90 |     6 ||   116
       Throw Flame       |       |     3 |       ||     3
       Sticky Flame      |       |     2 |       ||     2
Evoke: Staff of energy   |       |     1 |       ||     1
 Stab: Sleeping          |     4 |       |       ||     4
       Distracted        |     1 |       |       ||     1
Armor: Robe              |    19 |    21 |     1 ||    41
Dodge: Dodged            |    79 |    81 |    12 ||   172
